AoeStats
← Seikatsu

Arena

505610215Analyzed
1v1 RM · 22d ago on Sep 10, 2026· 18m 32s· 2 players
Game mode
Random Map
Map size
Tiny (2 player)
Population
200
Speed
Normal
Resources
Standard
Victory
Conquest
Starting age
Dark Age
Ending age
Imperial Age
RankedLock teamsTeams togetherTeam positionsShared explorationLock speedFull tech treeHidden civsTurbo modeCheats
Victory
Defeat
🇮🇳 Bohemians · India
943
+17
🇨🇦 Bengalis · Canada
962
-36
kaalia
10:31 Feudal Age
14:22 Castle Age
12:40 Double-Bit Axe
12:36 Horse Collar
14:04 Loom
Seikatsu
7:16 Loom
7:22 Loom
14:38 Feudal Age
14:42 Feudal Age
19:02 Castle Age
17:56 Fletching
18:07 Padded Archer Armor
Connection lost

Rejoining the realm…

Still unreachable

The connection could not be restored.

Session expired

The server has moved on; the page needs a fresh start.